 Dungeon Crawl Stone Soup version 0.19.1 (webtiles) character file.

122 shadow88 the Sneak (level 4, -1/33 HPs)
             Began as a Vampire Assassin on Dec 21, 2016.
             Was an Initiate of Makhleb.
             Slain by a jackal (3 damage)
             ... on level 3 of the Dungeon.
             The game lasted 00:11:06 (2252 turns).

shadow88 the Sneak (Vampire Assassin)               Turns: 2252, Time: 00:11:06

Health: -1/33      AC:  3    Str: 11    XL:     4   Next: 78%
Magic:  4/4        EV: 13    Int: 13    God:    Makhleb [......]
Gold:   98         SH:  0    Dex: 15    Spells: 0 memorised, 3 levels left

rFire  . . .     SeeInvis +     a - +2 dagger
rCold  . . .     Gourm    .     c - +0 robe
rNeg   + . .     Faith    .     (no shield)
rPois  .         Spirit   .     (no helmet)
rElec  .         Reflect  .     d - +0 cloak
rCorr  .         Harm     .     (no gloves)
MR     .....                    (no boots)
Stlth  ++++......               (no amulet)
                                (no ring)
                                (no ring)

@: no status effects
A: fangs 3, see invisible, unbreathing
a: Bat Form, Renounce Religion


You were on level 3 of the Dungeon.
You worshipped Makhleb.
Makhleb was noncommittal.
You were not thirsty.

You visited 1 branch of the dungeon, and saw 3 of its levels.

You collected 98 gold pieces.

Inventory:

Hand Weapons
 a - a +2 dagger (weapon)
 b - a +0 blowgun
 n - a +0 dagger of draining
 q - a +2 quarterstaff of chaos
Missiles
 e - 8 poisoned needles (quivered)
 f - 2 curare-tipped needles
Armour
 c - a +0 robe (worn)
 d - a +0 cloak (worn)
 r - a +0 cloak
Jewellery
 k - a cursed ring of teleportation
Scrolls
 h - 2 scrolls of identify
Potions
 g - a potion of mutation {unknown}
 j - a potion of lignification
 p - a potion of flight
Comestibles
 l - a meat ration
 m - a beef jerky


   Skills:
 + Level 2.2 Fighting
 + Level 3.2 Short Blades
 + Level 1.9 Throwing
 + Level 2.1 Dodging
 + Level 7.4 Stealth


You had 3 spell levels left.
You didn't know any spells.

Dungeon Overview and Level Annotations

Branches:
Dungeon (3/15)

Altars:
Cheibriados
Makhleb
Nemelex Xobeh
Sif Muna
Vehumet
Xom
Zin


Innate Abilities, Weirdness & Mutations

You have razor-sharp teeth.
You have supernaturally acute eyesight. (SInv)
You can survive without breathing.


Message History

You completely miss the jackal.
The jackal is almost dead.
The jackal completely misses you. The jackal closely misses you.
The jackal bites you.
* * * LOW HITPOINT WARNING * * *
The rat closely misses you. The jackal closely misses you.
You hit the jackal.
You kill the jackal!
Makhleb accepts your kill. The jackal misses you. The rat bites you.
* * * LOW HITPOINT WARNING * * *
The jackal bites you.
* * * LOW HITPOINT WARNING * * *
You fail to use your ability.
The jackal closely misses you. The jackal bites you.
* * * LOW HITPOINT WARNING * * *
The rat misses you. The jackal bites you.
* * * LOW HITPOINT WARNING * * *
The jackal bites you.
You die...

## #....# ... #....# ....
#....###### ....##....#.....
..........#.....
................#
#....r.........### #.
#.h...#...... ..
#.####@h.#.#........
...####....#...#.#.......#
...........+..............
...........#.##...........
............#.##...#.....#
##...........#.#...##.....#.
.....>......................
#........#..†............#.
..........###......#.#####


You could see 2 jackals and a rat.

Vanquished Creatures
  Crazy Yiuf (D:2)
  3 adders (D:2)
  2 dart slugs (D:1)
  A leopard gecko (D:1)
  10 bats
  A giant cockroach (D:3)
  7 goblins
  7 hobgoblins
  7 jackals
  6 kobolds
  6 frilled lizards
  10 rats
61 creatures vanquished.

Vanquished Creatures (others)
  A goblin (D:2)
1 creature vanquished.

Grand Total: 62 creatures vanquished

Notes
Turn   | Place    | Note
-------+----------+-------------------------------------------
     0 | D:1      | shadow88 the Vampire Assassin began the quest for the Orb.
     0 | D:1      | Reached XP level 1. HP: 16/16 MP: 1/1
    39 | D:1      | Reached skill level 6 in Stealth
    87 | D:1      | Reached XP level 2. HP: 22/22 MP: 2/2
   453 | D:1      | Reached XP level 3. HP: 21/27 MP: 3/3
   577 | D:2      | Reached skill level 7 in Stealth
   648 | D:2      | Found a runed door.
   747 | D:2      | Found a burning altar of Makhleb.
   747 | D:2      | Found a deep blue altar of Sif Muna.
   747 | D:2      | Found a sparkling altar of Nemelex Xobeh.
   747 | D:2      | Found a shimmering altar of Xom.
   753 | D:2      | Found a glowing silver altar of Zin.
   753 | D:2      | Found a snail-covered altar of Cheibriados.
   806 | D:2      | Became a worshipper of Makhleb the Destroyer
  1353 | D:2      | Found a radiant altar of Vehumet.
  1401 | D:2      | Reached XP level 4. HP: 33/33 MP: 4/4
  2000 | D:2      | Noticed Crazy Yiuf
  2004 | D:2      | Killed Crazy Yiuf
  2251 | D:3      | HP: 1/33 [jackal (3)]
  2252 | D:3      | Slain by a jackal

Skill      XL: |  1  2  3  4 |
---------------+-------------+-----
Stealth        | 6 7 |  7.4
Fighting       | 2 |  2.2
Short Blades   | 3 |  3.2
Dodging        | 2 |  2.1
Throwing       | |  1.9

Action                   |  1- 3 |  4- 6 || total
-------------------------+-------+-------++-------
Melee: Dagger            |   122 |    60 ||   182
       Bite              |    12 |     6 ||    18
 Fire: Blowgun           |     4 |       ||     4
  Use: Potion            |     3 |       ||     3
       Scroll            |     1 |     4 ||     5
 Stab: Sleeping          |    10 |     4 ||    14
  Eat: Corpse            |     1 |     3 ||     4
Armor: Robe              |    33 |    22 ||    55
       Skin              |    26 |       ||    26
Dodge: Dodged            |    91 |    68 ||   159
